 Dungeon Crawl Stone Soup version 0.30-a0-715-gdb4ae3ece1 (webtiles) character file.

Game seed: 12756877032162945019

43 warriortoast the Shooter (level 3, -11/19 HPs)
             Began as a Spriggan Hunter on Jan 24, 2023.
             Killed by nerve-wracking pain
             ... invoked by a shadow imp
             ... summoned by Natasha
              (12 damage)
             ... on level 2 of the Dungeon.
             The game lasted 00:01:40 (1281 turns).

warriortoast the Shooter (Spriggan Hunter)          Turns: 1281, Time: 00:01:41

Health: -11/19     AC:  2    Str:  7    XL:     3   Next: 37%
Magic:  4/4        EV: 18    Int: 10    God:
Gold:   101        SH:  0    Dex: 20    Spells: 2/2 levels left

rFire   . . .      SeeInvis +    i - +0 arbalest
rCold   . . .      Faith    .    (shield currently unavailable)
rNeg    . . .      Spirit   .    c - +0 robe
rPois   .          Reflect  .    (helmet restricted)
rElec   .          Harm     .    (no cloak)
rCorr   .          Rampage  .    (gloves unavailable)
Will    .....                    (boots unavailable)
Stlth   ++                       (no amulet)
HPRegen 0.23/turn                (no ring)
MPRegen 0.09/turn                (no ring)

@: slowed, quick
A: very small, no large weapons, unfitting armour, see invisible, speed 3
a: no special abilities


You were on level 2 of the Dungeon.
You visited 1 branch of the dungeon, and saw 2 of its levels.

You collected 101 gold pieces.

Inventory:

Hand Weapons
 a - a +0 shortbow
 i - a +0 arbalest (weapon)
Armour
 c - a +0 robe (worn)
Jewellery
 j - a ring of poison resistance
Scrolls
 b - 3 scrolls of immolation
 e - 2 scrolls of identify {unknown}
 f - 2 scrolls of teleportation {unknown}
 g - a scroll of enchant weapon {unknown}
 h - 2 scrolls of silence {unknown}
Potions
 d - 2 potions of curing {unknown}


   Skills:
 + Level 2.4 Fighting
 + Level 4.6 Ranged Weapons
 - Level 2.6 Dodging
 - Level 1.5 Stealth


You had 2 spell levels left.
You didn't know any spells.
Your spell library contained the following spells:

 Spells                   Type           Power      Damage    Failure   Level
 Cigotuvi's Dreadful Rot  Necr/Pois/Air  0%         N/A       50%         2
 Poisonous Vapours        Pois/Air       0%         N/A       50%         2
 Mephitic Cloud           Conj/Pois/Air  0%         N/A       75%         3


Dungeon Overview and Level Annotations

Branches:
Dungeon (2/15)

Altars:

Annotations:
D:2 Natasha


Innate Abilities, Weirdness & Mutations

You are very small and have problems with some larger weapons.
You are too small for most types of armour.
You have supernaturally acute eyesight. (SInv)
You cover ground extremely quickly. (Speed+++)


Message History

You are too injured to fight recklessly!
Fire: i) +0 arbalest
Press: ? - help, Q - select action Shift-Dir - straight line, f/p - Natasha
Aim: Natasha (53% to hit)
You shoot a bolt. The bolt barely misses Natasha.
Natasha stares at you and mumbles some strange words.
You feel as though you will be slow longer.
Natasha casts a spell.
Natasha barely misses you.
Fire: i) +0 arbalest
Press: ? - help, Q - select action Shift-Dir - straight line, f/p - Natasha
Aim: Natasha (53% to hit)
You shoot a bolt. The bolt misses Natasha.
Natasha claws you but does no damage. Natasha casts a spell at you.
You feel as though you will be slow longer.
The shadow imp misses you.
Fire: i) +0 arbalest
Press: ? - help, Q - select action Shift-Dir - straight line, f/p - Natasha
Aim: Natasha (53% to hit)
You shoot a bolt. The bolt hits Natasha.
Natasha is moderately wounded.
The shadow imp completely misses you. Natasha completely misses you.
The shadow imp misses you.
Natasha howls an incantation.
You feel troubled. Natasha barely misses you.
The shadow imp completely misses you. Natasha claws you!
* * * LOW HITPOINT WARNING * * *
Fire: i) +0 arbalest
Press: ? - help, Q - select action Shift-Dir - straight line, f/p - Natasha
Aim: Natasha (moderately wounded, 53% to hit)
You shoot a bolt. The bolt misses Natasha.
Natasha misses you. The shadow imp barely misses you. Natasha claws you.
* * * LOW HITPOINT WARNING * * *
The shadow imp closely misses you. The shadow imp gestures at you.
Pain shoots through your body!
Ouch! That really hurt!
You die...

###.................#
####
..........#...##....#
#...
#####....#....##....#
♣♣♣... #######.......#
....# ~~~~♣.~
#..........<..# ....##
P~~~~.P #.#########...#
#....# ~~P≈~.~
#.##..........# #h...#.♣
~~≈≈~.P
#.##.############.5....#
≈≈≈≈~.P #.##.#
#.....@..#..># ~≈≈≈~.P
#)##.# #........# ##
♣≈~~.~ #.##.# #........#
♣~~≈.≈
#.##.######........#
♣♣~~.~
...#..................
♣~≈.≈
###########........###
## ♣♣~~.~ ........#
#.....♣♣♣♣ #~♣♣♣~~~.~
#######.# #....♣~~~
♣PP~~~~~.~ # #.#
#...♣P~~~ ~~~~P~~~.~


You could see Natasha and a shadow imp (summoned).

Vanquished Creatures
  An adder (D:2)
  A dart slug (D:1)
  6 ball pythons
  3 endoplasms
  A giant cockroach (D:1)
  3 goblins
  2 hobgoblins (D:1)
  A quokka (D:2)
  2 bats
  4 frilled lizards
  5 kobolds (D:1)
  A rat (D:1)
30 creatures vanquished.

Vanquished Creatures (others)
  5 plants (D:2)
5 creatures vanquished.

Grand Total: 35 creatures vanquished

Notes
Turn   | Place    | Note
-------+----------+-------------------------------------------
     0 | D:1      | warriortoast the Spriggan Hunter began the quest for the
                  | Orb.
     0 | D:1      | Reached XP level 1. HP: 10/10 MP: 2/2
   163 | D:1      | Reached XP level 2. HP: 11/15 MP: 3/3
   682 | D:2      | Reached XP level 3. HP: 12/18 MP: 4/4
  1272 | D:2      | Noticed Natasha
  1281 | D:2      | Killed from afar by a shadow imp

Illustrated notes

Levels and vault maps discovered:
D:1:      nzn_arrival_settlement, layout_basic
D:2:      layout_basic, hangedman_decor_points, serial_bayou_lagoon_b,
          uniq_natasha

Skill      XL: |  1 |
---------------+----+-----
Fighting       | 2 |  2.4
Ranged Weapons | |  4.6
Dodging        | |  2.6
Stealth        | |  1.5

Action                     || total
---------------------------++-------
   Fire: Shortbow          ||    77
         Arbalest          ||    20
 Armour: Robe              ||     6
  Dodge: Dodged            ||    52

Table legend: (Time is in decaauts)
 A = Elapsed time spent in this place.
 B = Non-inter-level travel time spent in this place.
 C = Inter-level travel time spent in this place.
 D = Time resting spent in this place.
 E = Time spent auto-exploring this place.
 F = Levels seen in this place.
 G = Mean time per level.
                   A        B        C        D        E       F      G
               +--------+--------+--------+--------+--------+-----+--------+
         Total |    885 |    875 |     10 |      0 |    690 |   2 |  442.5 |
       Dungeon |    885 |    875 |     10 |      0 |    690 |   2 |  442.5 |
               +--------+--------+--------+--------+--------+-----+--------+

Top non-repeatable levels by time:
     D:2: 447 daAuts
     D:1: 437 daAuts
